 Dungeon Crawl Stone Soup version 0.27.1-33-g824d729ab1 (webtiles) character file.

Game seed: 1669139645432344265

357 belegose the Sneak (level 6, 0/32 HPs)
             Began as a Vine Stalker Brigand on Dec 11, 2021.
             Slain by Duvessa (10 damage)
             ... on level 5 of the Dungeon.
             The game lasted 00:08:37 (4105 turns).

belegose the Sneak (Vine Stalker Brigand)           Turns: 4105, Time: 00:08:38

Health: 0/32       AC:  4    Str: 13    XL:     6   Next: 64%
Magic:  0/7        EV: 11    Int: 13    God:
Gold:   176        SH:  0    Dex: 16    Spells: 5/5 levels left

rFire    . . .     SeeInvis .   a - +2 dagger
rCold    . . .     Faith    .   (no shield)
rNeg     . . .     Spirit   +   b - +0 robe
rPois    .         Reflect  .   o - +0 helmet
rElec    .         Harm     .   c - +0 cloak
rCorr    .         Rampage  .   (no gloves)
Will     .....                  (no boots)
Stlth    +++.......             (no amulet)
HPRegen  1.10/turn              (no ring)
MPRegen  0.10/turn              (no ring)

@: no status effects
A: fangs 2, regeneration 1, magic shield, antimagic bite, no potion heal 2
a: no special abilities


You were on level 5 of the Dungeon.
You visited 1 branch of the dungeon, and saw 5 of its levels.

You collected 176 gold pieces.

Inventory:

Hand Weapons
 a - a +2 dagger (weapon)
 s - a +0 rapier
Missiles
 d - 8 poisoned darts (quivered)
 e - 2 curare-tipped darts
 l - 43 stones
Armour
 b - a +0 robe (worn)
 c - a +0 cloak (worn)
 j - a +0 helmet
 o - a +0 helmet (worn)
Magical Staves
 k - a staff of poison
Wands
 u - a wand of iceblast (9)
Scrolls
 f - a scroll of amnesia {unknown}
 g - 2 scrolls of fear {unknown}
 i - 2 scrolls of enchant weapon {unknown}
 n - a scroll of identify {unknown}
 q - a scroll of torment {unknown}
 t - a scroll of brand weapon {unknown}
 y - a scroll of holy word {unknown}
Potions
 h - a potion of heal wounds {unknown}
 m - a potion of degeneration {unknown}
 p - 3 potions of curing {unknown}
 r - a potion of invisibility {unknown}
 v - a potion of flight {unknown}
 w - a potion of magic {unknown}
 x - 2 potions of mutation {unknown}


   Skills:
 + Level 3.4 Fighting
 + Level 3.4 Short Blades
 + Level 3.4 Throwing
 - Level 0.7 Dodging
 + Level 6.4 Stealth


You had 5 spell levels left.
You didn't know any spells.
Your spell library contained the following spells:

 Spells                   Type           Power      Damage    Failure   Level
 Foxfire                  Conj/Fire      0%         2x1d4     30%         1
 Conjure Flame            Conj/Fire      0%         6-21      67%         3
 Ignite Poison            Fire/Tmut/Pois 0%         N/A       67%         3
 Inner Flame              Hex/Fire       0%         N/A       67%         3
 Sticky Flame             Conj/Fire      0%         2d3       97%         4
 Summon Forest            Summ/Tloc      0%         N/A       100%        5
 Summon Mana Viper        Hex/Summ       0%         N/A       100%        5
 Shadow Creatures         Summ           N/A        N/A       100%        6


Dungeon Overview and Level Annotations

Branches:
Dungeon (5/15)
 Temple: D:4-7

Altars:

Annotations:
D:3 exclusions: skeleton and 1 more exclusion
D:5 Duvessa


Innate Abilities, Weirdness & Mutations

You have extremely sharp teeth.
Your natural rate of healing is unusually fast.
When hurt, damage is shared between your health and your magic reserves.
Your bite disrupts and absorbs the magic of your enemies.
Potions cannot restore your health.


Message History

Level annotation: Dowan, Duvessa Duvessa hits you with a +0 short sword!
Duvessa hits you with a +0 short sword.
There is a stone staircase leading up, spattered with blood here.
Aiming: Iceblast
Press: ? - help, Shift-Dir - straight line The mass of ice explodes!
The iceblast engulfs Dowan!
Dowan is moderately wounded.
The iceblast engulfs Duvessa!
Duvessa is moderately wounded.
You hear an angry hiss.
You hear a shout! x2; You hear a bark!
You hear a shout!
Duvessa hits you with a +0 short sword!
Unknown command.
Aiming: Iceblast
Press: ? - help, Shift-Dir - straight line The mass of ice explodes!
The iceblast engulfs Dowan!
Dowan is severely wounded.
The iceblast engulfs Duvessa!
Duvessa is heavily wounded.
You hear a shout! x3
Dowan points at Duvessa and mumbles some strange words.
Duvessa seems to speed up.
Duvessa barely misses you.
Unknown command.
Aiming: Iceblast
Press: ? - help, Shift-Dir - straight line The mass of ice explodes!
The iceblast engulfs Dowan!!
You kill Dowan!
Duvessa weeps, then rights herself and shakes her weapon.
Duvessa goes berserk!
The iceblast engulfs Duvessa!
Duvessa is severely wounded.
Duvessa hits you with a +0 short sword.
An iguana comes into view.
Unknown command.
Aiming: Iceblast
Press: ? - help, Shift-Dir - straight line The mass of ice explodes!
The iceblast engulfs Duvessa.
Duvessa is severely wounded.
You hear a shout!
You hear a bark!
Duvessa hits you with a +0 short sword. Duvessa hits you with a +0 short sword!
You die...

#...l.. #.....##
#......##. ##.........
#......... #..).....#
##..e...## #..@#....##
. ##...#.....#...#
#.......<....#.## .
##..............## #.
#........$##....##.
#>..#.......##.....
....#..............###
###..#................#
..........#......##.##


You could see Duvessa (berserk, fast) and an iguana.

Vanquished Creatures
  Dowan (D:5)
  A hound (D:4)
  Natasha (thrice) (D:4)
  Robin (D:3)
  2 gnolls (D:5)
  2 adders
  2 dart slugs (D:1)
  5 orcs
  13 bats
  A bat zombie (D:3)
  5 endoplasms
  5 giant cockroaches
  12 goblins
  10 hobgoblins
  7 jackals
  A kobold (D:1)
  2 quokkas
  5 ball pythons
  7 rats
85 creatures vanquished.

Vanquished Creatures (others)
  4 plants (D:1)
4 creatures vanquished.

Grand Total: 89 creatures vanquished

Notes
Turn   | Place    | Note
-------+----------+-------------------------------------------
     0 | D:1      | belegose the Vine Stalker Brigand began the quest for the
                  | Orb.
     0 | D:1      | Reached XP level 1. HP: 11/11 MP: 2/2
   333 | D:1      | Reached skill level 5 in Stealth
   333 | D:1      | Reached XP level 2. HP: 13/15 MP: 1/3
   994 | D:1      | Found a faded altar of an unknown god.
  1153 | D:1      | Reached XP level 3. HP: 18/18 MP: 4/4
  1896 | D:2      | Gained mutation: Your natural rate of healing is unusually
                  | fast. [Vine Stalker growth]
  1896 | D:2      | Reached XP level 4. HP: 12/23 MP: 5/5
  2272 | D:3      | Noticed Robin
  2421 | D:3      | Killed Robin
  2566 | D:3      | Reached XP level 5. HP: 27/28 MP: 6/6
  2812 | D:4      | Noticed Natasha
  2829 | D:4      | Killed Natasha
  2830 | D:4      | Reached skill level 6 in Stealth
  3095 | D:4      | Reached XP level 6. HP: 31/32 MP: 5/7
  3123 | D:4      | Noticed Natasha
  3135 | D:4      | Killed Natasha
  3212 | D:4      | Noticed Natasha
  3219 | D:4      | Killed Natasha
  3591 | D:5      | Entered Level 5 of the Dungeon
  3591 | D:5      | Noticed Duvessa
  3592 | D:5      | Noticed Dowan
  4104 | D:5      | Killed Dowan
  4105 | D:5      | Slain by Duvessa

Illustrated notes

Levels and vault maps discovered:
D:1:      lemuel_arrival_lava_pool, layout_loops_cross,
          dilly_ecumenical_altar_fadedgnrine
D:2:      layout_rooms, minmay_pentomino_v2
D:3:      layout_basic, goddamned_bats, uniq_robin
D:4:      layout_basic, uniq_natasha
D:5:      layout_cave_pools, serial_gnoll_camp, gnoll_camp_mini_hut,
          gnoll_camp_mini_basic, gnoll_camp_huts_moat, gnoll_camp_medium_02,
          gnoll_camp_mini_doghouse, uniq_duvessa, uniq_eustachio

Skill      XL: |  1  2  3  4  5 |
---------------+----------------+-----
Short Blades   | 2 3 |  3.4
Stealth        | 5 6 |  6.4
Fighting       | 2 3 |  3.4
Throwing       | 2 3 |  3.4
Dodging        | |  0.7

Action                   |  1- 3 |  4- 6 || total
-------------------------+-------+-------++-------
Melee: Dagger            |   122 |   204 ||   326
       Bite              |    38 |    59 ||    97
Evoke: Wand              |       |     4 ||     4
 Stab: Sleeping          |     7 |     4 ||    11
       Distracted        |       |     1 ||     1
Armor: Robe              |    30 |    67 ||    97
Dodge: Dodged            |    53 |   119 ||   172
